 Dungeon Crawl Stone Soup version 0.30-a0-570-g486de37d69 (webtiles) character file.

Game seed: 15022220256702844116

1 tilp the Shield-Bearer (level 1, 0/19 HPs)
             Began as a Meteoran Fighter on Dec 29, 2022.
             Slain by a hound (1 damage)
             ... on level 4 of the Dungeon.
             The game lasted 00:01:20 (173 turns).

tilp the Shield-Bearer (Meteoran Fighter)            Turns: 173, Time: 00:01:20

Health: 0/19       AC:  6    Str: 17    XL:     1   Next: 28%
Magic:  2/2        EV:  9    Int: 13    God:
Gold:   31         SH:  5    Dex: 13    Spells: 0/0 levels left

rFire   . . .      SeeInvis .    a - +0 long sword
rCold   . . .      Faith    .    c - +0 buckler
rNeg    . . .      Spirit   .    b - +0 scale mail
rPois   +          Reflect  .    (no helmet)
rElec   .          Harm     .    (no cloak)
rCorr   .          Rampage  .    (no gloves)
Will    .....                    (no boots) Stlth
                                 (no amulet)
HPRegen 0.23/turn                e - ring of Taag Uze {rPois Int+4}
MPRegen 0.08/turn                (no ring)

@: mighty, glowing
A: sense surroundings 1, otherworldly, glowing, explore regen
a: no special abilities


You were on level 4 of the Dungeon.
You visited 1 branch of the dungeon, and saw 6 of its levels.

You collected 31 gold pieces.

Inventory:

Hand Weapons
 a - a +0 long sword (weapon)
Missiles
 h - 7 stones (quivered)
 i - 5 poisoned darts
Armour
 b - a +0 scale mail (worn)
 c - a +0 buckler (worn)
Jewellery
 e - the ring of Taag Uze (left hand) {rPois Int+4}
   (You found it on level 5 of the Dungeon)

   [ring of poison resistance]

   Int:       It affects your intelligence (+4).
   rPois:     It protects you from poison.
Wands
 g - a wand of flame (15)
Potions
 f - a potion of curing {unknown}


   Skills:
 + Level 3.3 Fighting
 + Level 2.4 Long Blades
 + Level 3.6 Armour
 * Level 0.1 Dodging
 + Level 0.0 Stealth
 + Level 3.6 Shields


You couldn't memorise any spells.
You didn't know any spells.
Your spell library was empty.

Dungeon Overview and Level Annotations

Branches:
Dungeon (6/15) Zot: 3424
 Temple: D:4-7

Altars:

Annotations:
D:3 Grinder
D:5 Blork the orc, Pikel


Innate Abilities, Weirdness & Mutations

You passively map a small area around you.
You are easily found by Zot.
You glow in the dark.
You regain HP and MP as you explore.


Message History

You barely miss the phantom.
The phantom is moderately damaged.
The hound closely misses you.
The phantom hits you but does no damage.
You block the jackal's attack.
The jackal bites you but does no damage. x2
The hound bites you.
* * * LOW HITPOINT WARNING * * *
The jackal bites you.
* * * LOW HITPOINT WARNING * * *
The phantom completely misses you.
You miss the phantom.
The phantom is moderately damaged.
You block the hound's attack.
The jackal bites you but does no damage. x3
You block the jackal's attack. The phantom hits you.
* * * LOW HITPOINT WARNING * * *
The phantom blinks!
You blink.
Found a mace.
Found 2 poisoned darts.
Unknown command.
Unknown command.
You closely miss the phantom.
The phantom is moderately damaged.
The phantom hits you.
* * * LOW HITPOINT WARNING * * *
You hit the phantom.
The phantom is moderately damaged.
The phantom barely misses you. The jackal closely misses you.
You barely miss the phantom.
The phantom is moderately damaged.
The jackal barely misses you.
The phantom hits you but does no damage.
The jackal bites you.
* * * LOW HITPOINT WARNING * * *
The phantom hits you.
* * * LOW HITPOINT WARNING * * *
You slash the phantom!
You destroy the phantom!
The hound bites you.
You die...

....... ,#........#
......... #........#
.........,#......# ..
, ........#
#......#h.. ,
........###......#...*
*
.....................
.........h....##.... ,
........h.h..#......
.......@hh...#.#.# #*
.).............[.#
...............###
(####..........#
##........## ,
#.#......# #..>.....#
##########


You could see a hound and 4 jackals.

Vanquished Creatures
  A phantom (D:4)
  A bat (D:2)
2 creatures vanquished.

Notes
Turn   | Place    | Note
-------+----------+-------------------------------------------
     0 | D:1      | tilp the Meteoran Fighter began the quest for the Orb.
     0 | D:1      | Reached XP level 1. HP: 19/19 MP: 2/2
    72 | D:3      | Noticed Grinder
    75 | D:3      | You fall into a shaft and drop 2 floors!
    75 | D:5      | Entered Level 5 of the Dungeon
    77 | D:5      | Identified the ring of Taag Uze {rPois Int+4}
   123 | D:6      | Noticed a yak
   124 | D:6      | Noticed a yak
   126 | D:5      | Noticed a necrophage
   129 | D:5      | Noticed a phantom
   152 | D:5      | Noticed Blork the orc
   154 | D:5      | Noticed a lemure
   155 | D:5      | Noticed a lemure
   155 | D:5      | Noticed a lemure
   156 | D:5      | Noticed Pikel
   161 | D:4      | Noticed a hound
   173 | D:4      | Killed a phantom
   173 | D:4      | Slain by a hound

Illustrated notes

Levels and vault maps discovered:
D:1:      matt_arrival_los_fun, layout_loops_ring
D:2:      wander_river, layout_basic
D:3:      layout_basic, chequers_temple_overflow_minitemple,
          cheibrodos_sewer_entry_drain, ebering_ecumenical_altar_rust,
          minmay_misc_feat_nine_boxes, uniq_grinder, uniq_crazy_yiuf_cottage
D:4:      layout_basic, gup_ossuary_entry_pyramid, uniq_robin
D:5:      layout_cave_pools, mainiacjoe_overflow_concentric_impassable,
          uniq_blork_the_orc, uniq_duvessa, uniq_pikel
D:6:      layout_loops_ring, temple_doors_e, kennysheep_generic_room_11

Action                   || total
-------------------------++-------
Melee: Long sword        ||    13
  Use: Scroll            ||     2
       Potion            ||     1
Armor: Scale mail        ||    15
Dodge: Dodged            ||     9
Block: Buckler           ||     8

Table legend: (Time is in decaauts)
 A = Elapsed time spent in this place.
 B = Non-inter-level travel time spent in this place.
 C = Inter-level travel time spent in this place.
 D = Time resting spent in this place.
 E = Time spent auto-exploring this place.
 F = Levels seen in this place.
 G = Mean time per level.
                   A        B        C        D        E       F      G
               +--------+--------+--------+--------+--------+-----+--------+
         Total |    174 |    174 |      0 |      0 |      0 |   6 |   29.0 |
       Dungeon |    174 |    174 |      0 |      0 |      0 |   6 |   29.0 |
               +--------+--------+--------+--------+--------+-----+--------+

Top non-repeatable levels by time:
     D:5: 78 daAuts
     D:2: 38 daAuts
     D:1: 33 daAuts
     D:4: 17 daAuts
     D:6: 3 daAuts
     D:3: 3 daAuts
